Cogmind - Beta 10.1 --- EXPLORER MODE // 2020.10.03 @ 16:26:44 Player: LiteSpeed Result: Self-destructed Performance ------------- Evolutions (1) 500 Regions Visited (2) 400 Robots Destroyed (15) 75 Value Destroyed (215) 215 Prototype IDs (0) 0 Alien Tech Used (0) 0 Bonus (0) 0 TOTAL SCORE: 1190 Bonus ------- None Cogmind --------- Core Integrity 361/400 Matter 296/300 Energy 430/430 System Corruption 0% Temperature Cool (0) Movement Treading (160) Location -9/Materials Parts ------- > --- POWER (2) -------- Improved Ion Engine Improved Ion Engine > --- PROPULSION (2) --- Light Treads Improved Treads > --- UTILITY (4) ------ Large Storage Unit Improved Targeting Computer ECM Suite > --- WEAPON (2) ------- Light Assault Rifle Flail > --- INVENTORY (10) --- Ion Engine Improved Ion Engine Large Storage Unit Signal Interpreter Light Armor Plating Trap Extractor Field Recycling Unit (0) Beam Rifle Grenade Launcher Peak State ------------ > --- POWER ------------ Improved Ion Engine Improved Ion Engine > --- PROPULSION ------- Light Treads Improved Treads > --- UTILITY ---------- Large Storage Unit Improved Targeting Computer ECM Suite > --- WEAPON ----------- Light Assault Rifle Flail > --- INVENTORY -------- Ion Engine Improved Ion Engine Large Storage Unit Signal Interpreter Light Armor Plating Field Recycling Unit Beam Rifle Grenade Launcher [Rating: 15] Favorites ----------- Power Ion Engine Engine Ion Engine Propulsion Improved Treads Treads Improved Treads Utility Large Storage Unit Device Sensor Array Storage Large Storage Unit Processor Improved Targeting Computer Weapon Medium Laser Energy Gun Medium Laser Ballistic Gun Light Assault Rifle Special Weapon Welding Torch Impact Weapon Flail Build | -11 -10 -9 ------- Run | Scr Mat Mat Slots Evolved 3 | . 1 2 Power 1 | . . 1 Propulsion . | . . . Utility 2 | . 1 1 Weapon . | . . . Parts Attached 30 | 6 19 5 Power 6 | 1 2 3 Engine 6 | 1 2 3 Core . | . . . Reactor . | . . . Propulsion 7 | 2 4 1 Treads 7 | 2 4 1 Leg . | . . . Wheel . | . . . Hover . | . . . Flight . | . . . Utility 7 | 2 5 . Device 3 | 1 2 . Storage 2 | 1 1 . Processor 2 | . 2 . Hackware . | . . . Protection . | . . . Artifact . | . . . Weapon 10 | 1 8 1 Energy Gun 4 | 1 3 . Energy Cannon . | . . . Ballistic Gun 3 | . 2 1 Ballistic Cannon . | . . . Launcher . | . . . Special Weapon 2 | . 2 . Impact Weapon 1 | . 1 . Slashing Weapon . | . . . Piercing Weapon . | . . . Special Melee Weapon . | . . . Unidentified Prototypes . | . . . Parts Lost 1 | . . 1 Power . | . . . Propulsion . | . . . Utility . | . . . Weapon 1 | . . 1 Highest Loss Streak 1 | . . 1 Average Slot Usage (%) 92 | . 94 82 Engine 12 | . 11 17 Treads 20 | . 21 15 Device 11 | . 11 10 Storage 11 | . 12 10 Processor 11 | . 12 10 Energy Gun 9 | . 10 4 Ballistic Gun 7 | . 8 5 Special Weapon 1 | . 1 . Impact Weapon 3 | . 2 10 Naked Turns . | . . . Heaviest Build 35 | 16 26 35 Greatest Support 46 | 40 46 43 Greatest Overweight (x) 1 | 1 1 1 Average Overweight (x) . | . . . Largest Inventory Capacity 10 | 8 10 10 Average Capacity 9 | 6 9 10 Most Carried 10 | 6 10 9 Average Carried 7 | 3 7 7 Final Capacity 10 | 8 10 10 Final Carried 9 | 6 6 9 Class Distribution -------------------- 100% | Hacker-Mutant Dominant Class ---------------- Hacker-Mutant | -10/Materials Hacker-Mutant | -9/Materials Resources | -11 -10 -9 ----------- Run | Scr Mat Mat Matter Collected 498 | 211 174 113 Remotely . | . . . Salvage Created 293 | . 164 129 Parts 30 | . 15 15 Haulers Intercepted . | . . . Recyclers Shooed . | . . . Parts Field Recycled . | . . . Retrieved Matter . | . . . Parts Self-Destructed . | . . . Prevented . | . . . Kills | -11 -10 -9 ------- Run | Scr Mat Mat Combat Hostiles Destroyed 14 | . 8 6 Guns 14 | . 8 6 Classes Destroyed 4 | . 3 1 Watcher 1 | . 1 . Swarmer 12 | . 7 5 Grunt 1 | . 1 . Sentry 1 | . . 1 Best Kill Streak 4 | . 4 2 Combat Bots Only 4 | . 4 2 Max Kills in Single Turn 1 | . 1 1 Gunslinging . | . . . Exploded . | . . . Melee . | . . . Uniques/NPCs Destroyed . | . . . Combat | -11 -10 -9 -------- Run | Scr Mat Mat Damage Taken 510 | . 186 324 Core 68 | . 29 39 Absorbed by Shields . | . . . Core Remaining (%) 94 | 100 88 . Volleys Fired 50 | . 28 22 Largest 2 | . 2 1 Hottest 70 | . 70 50 Shots Fired 64 | . 42 22 Gun 59 | . 37 22 Cannon . | . . . Launcher . | . . . Special 5 | . 5 . Kinetic 29 | . 14 15 Thermal 35 | . 28 7 Explosive . | . . . Electromagnetic . | . . . Robot Hit Streak 41 | . 29 41 Robot Miss Streak 2 | . . 2 Penetration Max . | . . . Secondary Targets 1 | . 1 . Max Gunslinging Chain 1 | . 1 . Shots Hit Robots 52 | . 30 22 Core Hits 20 | . 10 10 Critical Hits . | . . . Critical Kills . | . . . Critical Parts Destroyed . | . . . Melee Attacks 4 | . 1 3 Impact 4 | . 1 3 Slashing . | . . . Piercing . | . . . Sneak Attacks . | . . . Combat Hostiles . | . . . Follow-up Attacks . | . . . Damage Inflicted 579 | . 341 238 Guns 502 | . 322 180 Cannons . | . . . Explosions . | . . . Melee 77 | . 19 58 Ramming . | . . . Kinetic 166 | . 72 94 Thermal 336 | . 250 86 Explosive . | . . . Electromagnetic . | . . . Impact 77 | . 19 58 Slashing . | . . . Piercing . | . . . Highest Corruption . | . . . Average Corruption . | . . . Corruption Purged . | . . . Overload Shots . | . . . Overflow Damage . | . . . Projectiles . | . . . Explosions . | . . . Melee . | . . . Knockbacks 1 | . . 1 Impact 1 | . . 1 Kinetic . | . . . Secondary . | . . . Self-Inflicted Damage . | . . . Shots . | . . . Rammed . | . . . Targets Rammed . | . . . Kicked . | . . . Crushed . | . . . Highest Temperature 100 | . 100 99 Average Temperature 32 | . 35 27 Received Heat Transfer 153 | . 18 135 Siege Activations . | . . . Robots Corrupted . | . . . Combat Hostiles . | . . . Parts Fried . | . . . Impact Corruptions . | . . . Robots Melted . | . . . Combat Hostiles . | . . . Parts Melted 2 | . 2 . Heat Transferred 999 | . 740 259 Parts Sabotaged . | . . . Parts Stolen . | . . . Parts Stripped . | . . . Power Chain Reactions . | . . . Missiles Intercepted . | . . . Alert | -11 -10 -9 ------- Run | Scr Mat Mat Peak Influence 213 | . 180 213 Initial 18 | . . 18 Average 44 | . 34 98 Maximum Alert Level 1 | . . 1 Low Security (%) 99 | 100 100 98 Level 1 . | . . 1 Level 2 . | . . . Level 3 . | . . . Level 4 . | . . . Level 5 . | . . . High Security . | . . . Max Security . | . . . Squads Dispatched 1 | . . 1 Investigation . | . . . Extermination . | . . . Reinforcement 1 | . . 1 Assault . | . . . Garrison . | . . . Intercept . | . . . Construction Impeded . | . . . Haulers Reinforced . | . . . Stealth | -11 -10 -9 --------- Run | Scr Mat Mat Distress Signals 3 | . 3 . Communications Jammed . | . . . Distress Signals . | . . . Times Spotted 33 | . 17 16 Peak Tracking Total 9 | . 4 9 Tactical Retreats 4 | . 3 1 Traps | -11 -10 -9 ------- Run | Scr Mat Mat Traps Triggered 3 | . 3 . Indirectly . | . . . Trap Hack Attempts . | . . . Triggered . | . . . Disarmed 5 | . 5 . Reprogrammed . | . . . Reused . | . . . Traps Extracted . | . . . Installed . | . . . Triggered . | . . . Machines | -11 -10 -9 ---------- Run | Scr Mat Mat Machines Disabled . | . . . Max in Single Turn . | . . . Machines Sabotaged . | . . . Garrisons Compromised . | . . . Overloaded Fab Kills . | . . . Fab Network Shutdowns . | . . . Hacking | -11 -10 -9 --------- Run | Scr Mat Mat Machines Accessed 6 | . 4 2 Terminals 4 | . 2 2 Fabricators . | . . . Repair Stations . | . . . Recycling Units 2 | . 2 . Scanalyzers . | . . . Garrison Access . | . . . Total Hacks 14 | . 8 6 Successful 14 | . 8 6 Failed . | . . . Catastrophic . | . . . Database Lockouts . | . . . Manual . | . . . Terminals 11 | . 5 6 Fabricators . | . . . Repair Stations . | . . . Recycling Units 3 | . 3 . Scanalyzers . | . . . Garrison Access . | . . . Terminal Hacks 11 | . 5 6 Record 6 | . 3 3 Alert Level 1 | . . 1 Locate Traps 2 | . 1 1 Disarm Traps 1 | . 1 . Zone Layout 1 | . . 1 Fabricator Hacks . | . . . Repair Station Hacks . | . . . Recycling Unit Hacks 3 | . 3 . Report Inventory 2 | . 2 . Retrieve Matter 1 | . 1 . Scanalyzer . | . . . Garrison Access Hacks . | . . . Unauthorized Hacks . | . . . Terminals . | . . . Fabricators . | . . . Repair Stations . | . . . Recycling Units . | . . . Scanalyzers . | . . . Garrison Access . | . . . Data Cores Recovered . | . . . Used . | . . . Hacking Detections 5 | . 3 2 Full Trace Events 1 | . 1 . Feedback Events . | . . . Feedback Blocked . | . . . Robot Schematics Acquired . | . . . Robots Built . | . . . Matter . | . . . Time . | . . . Total Robot Build Rating . | . . . Part Schematics Acquired . | . . . Parts Built . | . . . Matter . | . . . Time . | . . . Total Part Build Rating . | . . . Parts Repaired . | . . . Time . | . . . Parts Recycled . | . . . Recycled Matter . | . . . Retrieved Matter 189 | . 189 . Retrieved Components . | . . . Parts Scanalyzed . | . . . Part Schematics Acquired . | . . . Parts Damaged . | . . . Bothacking | -11 -10 -9 ------------ Run | Scr Mat Mat Used RIF Installer . | . . . Robots Hacked . | . . . Non-combat . | . . . Combat . | . . . Robot Hacks Applied . | . . . Relay Couplers Released . | . . . Robots Rewired . | . . . Allies Hacked . | . . . Hacks Repelled . | . . . Allies | -11 -10 -9 -------- Run | Scr Mat Mat Total Allies . | . . . Largest Group . | . . . Highest-Rated Group . | . . . Highest-Rated Ally . | . . . Total Orders . | . . . Ally Attacks . | . . . Total Damage . | . . . Kills . | . . . Allies Corrupted . | . . . Allies Melted . | . . . Intel | -11 -10 -9 ------- Run | Scr Mat Mat Robot Analysis Total . | . . . Derelict Logs Recovered . | . . . Drone Launches . | . . . Drone Recoveries . | . . . Exploration | -11 -10 -9 ------------- Run | Scr Mat Mat Turns Passed 1967 | 74 1569 324 Spaces Moved 1062 | 40 881 141 Core 6 | 6 . . Treads 1056 | 34 881 141 Legs . | . . . Wheels . | . . . Hover . | . . . Flight . | . . . Fastest Speed 50 | 50 160 160 Average Speed 163 | 149 163 169 Slowest Speed 180 | 160 180 180 Overloaded Moves . | . . . Propulsion Burnouts . | . . . Robots Hopped . | . . . Cave-ins Triggered . | . . . Exploration Rate (%) 31 | 4 66 23 Regions Visited 2 Branch Regions . Pre-discovered Areas . | . . . Known Exits Taken 2 | 1 1 . Unknown Exits Taken . | . . . Scrap Searched . | . . . Spaces Dug . | . . . Terrain Destroyed . | . . . Melee . | . . . Projectile . | . . . AOE . | . . . Terrain Rammed . | . . . Walls Destroyed . | . . . Machines Disabled . | . . . Actions | -11 -10 -9 --------- Run | Scr Mat Mat Total 1222 | 52 969 201 Wait 51 | . 27 24 Move 1060 | 39 880 141 Hop . | . . . Pick Up 19 | 7 8 4 Fast Attach 8 | 5 1 2 Attach 10 | 1 8 1 Detach . | . . . Swap 12 | . 10 2 Drop 8 | . 6 2 Fire 50 | . 28 22 Melee 4 | . 1 3 Ram . | . . . Kick . | . . . Crush . | . . . Escape Stasis . | . . . Rewire . | . . . Trap . | . . . Miscellaneous . | . . . Route ------- -11/Scrapyard -10/Materials (discovered 2 exits: *Mat / *Min) -9/Materials (discovered 1 exit: *Min) History --------- Turn | Location | Event 21 | -11/Scrapyard | Identified exit to Materials 21 | -11/Scrapyard | Discovered exit to Materials (range 16) 75 | -11/Scrapyard | Entered Materials 75 | -10/Materials | Evolved 1 slot: Utility x1 302 | -10/Materials | Build established: Hacker-Mutant 1184 | -10/Materials | Identified exit to Mines 1184 | -10/Materials | Discovered exit to Mines (range 12) 1574 | -10/Materials | Identified exit to Materials 1574 | -10/Materials | Discovered exit to Materials (range 4) 1644 | -10/Materials | Entered another Materials area 1644 | -9/Materials | Evolved 2 slots: Power x1, Utility x1 1826 | -9/Materials | Identified exit to Mines 1826 | -9/Materials | Discovered exit to Mines (range 17) 1968 | -9/Materials | Self-destructed Last Messages --------------- 01872_ Acquired 18 matter. 01874_ K-01 Serf collects debris. 01879_ Acquired 17 matter. 01883_ K-01 Serf collects debris. 01886_ W-16 Scout knocked back. 01887_ K-01 Serf collects debris. 01890_ R-06 Scavenger collects Flight Unit. 01895_ R-06 Scavenger collects Lgt. Assault Rifle. 01898_ R-06 Scavenger collects Flight Unit. 01899_ Acquired 6 matter. 01901_ R-06 Scavenger collects Lgt. Ion Engine. 01951_ O-16 Technician: "IFF HANDSHAKE FAILED. SECURING TERMINAL." 01954_ Acquired Trap Extractor. 01961_ K-01 Serf cleans the Matter Pump. 01962_ ALERT: Hostiles spotted, dispatching reinforcements to Terminal M004. 01963_ S-10 Pest destroyed. 01964_ K-01 Serf collects debris. 01967_ K-01 Serf cleans the Matter Pump. [Achievement: Just Browsing] Map ----- +----------------------------------------------------+ | ??????????????????????????????????????# #????? | | ??????????????????????????????????????# #????? | | ??????????????????????????????????????# #????? | | ??????????????????????????????????????# #????? | | ??????????????????????????????????????# #?# | | ??????????????????????????????????????# #?# | | ??????????????????????????????????????# #?# | | ??????????????????????????????????????# #?# " | | ??????????????????????????????????????#! #?# " | | ??????????????????????????????????????# #?# " | | ??????????????????????????############# #?# | | ?????????????????????????? """ # ##/######### | | ???????????????????? ??? "Y" # | | ???????????????????+ ??? # | | ???????????????????# ??? # % | | ??????????????????## #?? # ########+### | | ??????????????????# ?? """ ## ##?# ! [ * | | ??????????????????# ?? """ ## #??## """ | | ???????????????#??# ?? """ ## #??## """ | | ???????????????# ?# ?? ## #??#T """ | | ??????????????## ## ?? ## #??## | | ??????????????# ! #?? ## #???# | | ????????? ### ########### #???# | | ??????????? + ##""|"|""## #???# ! | | ??????????????# ## "|"|" ## #???# !! | | ??????????????# / ##@ ## #???######### | | ??????????????# """ #?????# #???? | | ??????????????# """ gY > #?????# #???? | | ??????????????# """us%= #?????# #???? | | ??????????????# u g## ##+###?????# #???? | | ??????????????# ########## #?????# ##### | | ???????????? ^""" #????????#"" #?????# | | ??????????? """ #????????#"T #?????####### | | ??????????? ! """ #????????#"" #???????????? | | ??????????##+### ????????# #???????????? | | ???????????????# ? ????????# #???????????? | | ?????????????????? ????????# #???????????? | | ??????????????????# ????????# #???????????? | | ??????????????????# ????????# #???????????? | | ??????????????????###+##?????????#####???????????? | | ?????????????????????????????????????????????????? | | ?????????????????????????????????????????????????? | | ?????????????????????????????????????????????????? | | ?????????????????????????????????????????????????? | | ?????????????????????????????????????????????????? | | ?????????????????????????????????????????????????? | | ?????????????????????????????????????????????????? | | ?????????????????????????????????????????????????? | | ?????????????????????????????????????????????????? | | ?????????????????????????????????????????????????? | +----------------------------------------------------+ Best States ------------- Heat Dissipation 28 Energy Generation 19 Energy Capacity 430 Matter Stores 300 Matter Capacity 300 Sight Range 16 Robot Scan Range 10 Terrain Scan Density 10 ECM Strength 1 Resistance: KI 35 Resistance: TH 35 Resistance: EX 35 Resistance: EM 35 Resistance: I 35 Resistance: S 35 Resistance: P 35 Evasion (%) 40 Targeting Accuracy 6 Recoil Reduction 2 Offensive Hacking 20 Item Schematics ----------------- None Robot Schematics ------------------ None Fabricated ------------ Nothing Alien Tech Used ----------------- None Achievements -------------- Just Browsing Challenges ------------ None Game ------ Seed SurveybotControlNanovents Manual? 0 Play Time 00:32:43 Cumulative 13.9 hours Start 2020.10.03 @ 15:08:20 End 2020.10.03 @ 16:26:44 Sessions 1 Manual Loads 0 Difficulty Explorer Special Mode None Game No. 33 Rogue 27 Adventurer 0 Explorer 6 Win Type - Total 0 Types 0/0/0/0/0/0/0/0/0 Lore% 17 Gallery% 26 Achievement% 14 Wizard Run 0 Options --------- ASCII 0 Keyboard 0 Movement Numpad Keybinds 0 Fullscreen 1 Font 18/SmallcapsGlow Map View 76x50 Tactical HUD 1 Map Filters NONE Filters NONE Steam 1 RUN: dbeb471e-2041-4c87-a51d-6dbc42b914f0